| TOP OF THE 1ST |
|
Joplin Blasters batting - Pitching for Portland Angels : LHP Troy Trombino
|
|
Pitching: LHP Troy Trombino
|
|
|
Batting: RHB Bill Cranton
|
0-0: Ball 1-0: Ball 2-0: SOLO HOME RUN (Flyball, 9D, EV 93.8 MPH), Distance : 345 ft
|
|
Batting: RHB Colin Padgett
|
0-0: Ball 1-0: Ball 2-0: Called Strike 2-1: Called Strike 2-2: Ground out 6-3 (Groundball, 6, EV 87.5 MPH)
|
|
Batting: RHB Chris Stec
|
0-0: Ball 1-0: Swinging Strike 1-1: Ball 2-1: Ball 3-1: Foul Ball, location: 2F 3-2: Foul Ball, location: 2F 3-2: Base on Balls
|
|
Batting: SHB Gary Woodroffe
|
0-0: Called Strike 0-1: Ball 1-1: Ball 2-1: Foul Ball, location: 2F 2-2: Foul Ball, location: 2F 2-2: Foul Ball, location: 2F 2-2: Ball 3-2: Foul Ball, location: 2F 3-2: Fly out, F9 (Flyball, 9S, EV 87.5 MPH)
|
|
Batting: RHB Dermott Ayliffe
|
0-0: Fly out, F8 (Flyball, 8RD, EV 93.8 MPH)
|
| Top of the 1st over - 1 run, 1 hit, 0 errors, 1 left on base; Joplin 1 - Portland 0 |
| BOTTOM OF THE 1ST |
|
Portland Angels batting - Pitching for Joplin Blasters : LHP Ben Mills
|
|
Pitching: LHP Ben Mills
|
|
|
Batting: RHB Jose Garduno
|
0-0: Ball 1-0: Swinging Strike 1-1: Foul Ball, location: 2F 1-2: Ball 2-2: Ground out 6-3 (Groundball, 56, EV 102.5 MPH)
|
|
Batting: RHB Steve Neely
|
0-0: Bunt for hit to 2L - play at first, batter OUT! 2-3
|
|
Batting: RHB Scott Webb
|
0-0: Fly out, F8 (Line Drive, 8RM, EV 100.6 MPH)
|
| Bottom of the 1st over - 0 runs, 0 hits, 0 errors, 0 left on base; Joplin 1 - Portland 0 |
| TOP OF THE 2ND |
|
Joplin Blasters batting - Pitching for Portland Angels : LHP Troy Trombino
|
|
Batting: LHB Josh Lane
|
0-0: Ball 1-0: Called Strike 1-1: Called Strike 1-2: Foul Ball, location: 2F 1-2: Foul Ball, location: 2F 1-2: Foul Ball, location: 2F 1-2: Ball 2-2: Strikes out swinging
|
|
Batting: RHB Esteban Acuna
|
0-0: Ball 1-0: Foul Ball, location: 2F 1-1: Foul Ball, location: 2F 1-2: Strikes out swinging
|
|
Batting: LHB Willie Marquez
|
0-0: Swinging Strike 0-1: Fly out, F7 (Flyball, 7S, EV 88.8 MPH)
|
| Top of the 2nd over - 0 runs, 0 hits, 0 errors, 0 left on base; Joplin 1 - Portland 0 |
| BOTTOM OF THE 2ND |
|
Portland Angels batting - Pitching for Joplin Blasters : LHP Ben Mills
|
|
Batting: LHB Pavla Markianov
|
0-0: Foul Ball, location: 2F 0-1: Ball 1-1: Swinging Strike 1-2: Strikes out swinging
|
|
Batting: RHB Alex Rosaly
|
0-0: Called Strike 0-1: Ball 1-1: Foul Ball, location: 2F 1-2: Ground out 4-3 (Groundball, 34, EV 83.8 MPH)
|
|
Batting: RHB Fernando Sosa
|
0-0: Ball 1-0: Ball 2-0: SINGLE (Groundball, 4M, EV 101.2 MPH) (infield hit)
|
|
Batting: LHB Doug Nebel
|
0-0: Called Strike 0-1: Ball 1-1: Called Strike 1-2: Ball 2-2: Foul Ball, location: 2F 2-2: Strikes out swinging
|
| Bottom of the 2nd over - 0 runs, 1 hit, 0 errors, 1 left on base; Joplin 1 - Portland 0 |
| TOP OF THE 3RD |
|
Joplin Blasters batting - Pitching for Portland Angels : LHP Troy Trombino
|
|
Batting: RHB Bobby Leon
|
0-0: Ball 1-0: Ball 2-0: Fly out, F3 (Popup, 3SF, EV 71.9 MPH)
|
|
Batting: RHB Bill Cranton
|
0-0: Swinging Strike 0-1: Ball 1-1: Fly out, F9 (Flyball, 9D, EV 94.4 MPH)
|
|
Batting: RHB Colin Padgett
|
0-0: Ball 1-0: Ball 2-0: Called Strike 2-1: Ground out 4-3 (Groundball, 4, EV 81.2 MPH)
|
| Top of the 3rd over - 0 runs, 0 hits, 0 errors, 0 left on base; Joplin 1 - Portland 0 |
| BOTTOM OF THE 3RD |
|
Portland Angels batting - Pitching for Joplin Blasters : LHP Ben Mills
|
|
Batting: RHB Mario Martinez
|
0-0: Fly out, F9 (Flyball, 9LS, EV 93.1 MPH)
|
|
Batting: LHB David Coatney
|
0-0: Called Strike 0-1: Ball 1-1: Swinging Strike 1-2: Ball 2-2: Foul Ball, location: 2F 2-2: Foul Ball, location: 2F 2-2: Foul Ball, location: 2F 2-2: Ball 3-2: SINGLE (Groundball, 6MD, EV 94.4 MPH)
|
|
Batting: RHB Jose Garduno
|
0-0: Ball 1-0: Ball 2-0: Ball 3-0: Called Strike 3-1: Foul Ball, location: 2F 3-2: Strikes out swinging
|
|
Batting: RHB Steve Neely
|
0-0: Ball 1-0: Called Strike 1-1: Foul Ball, location: 2F 1-2: Foul Ball, location: 2F 1-2: Foul Ball, location: 2F 1-2: Fly out, F8 (Line Drive, 8LM, EV 89.4 MPH)
|
| Bottom of the 3rd over - 0 runs, 1 hit, 0 errors, 1 left on base; Joplin 1 - Portland 0 |
| TOP OF THE 4TH |
|
Joplin Blasters batting - Pitching for Portland Angels : LHP Troy Trombino
|
|
Batting: RHB Chris Stec
|
0-0: Ball 1-0: Ball 2-0: Ball 3-0: Base on Balls
|
|
Batting: SHB Gary Woodroffe
|
0-0: Ball 1-0: Ball 2-0: Grounds into double play, 4-6-3 (Groundball, 34, EV 106.2 MPH)
|
|
Batting: RHB Dermott Ayliffe
|
0-0: Fly out, F9 (Flyball, 9S, EV 95.6 MPH)
|
| Top of the 4th over - 0 runs, 0 hits, 0 errors, 0 left on base; Joplin 1 - Portland 0 |
| BOTTOM OF THE 4TH |
|
Portland Angels batting - Pitching for Joplin Blasters : LHP Ben Mills
|
|
Batting: RHB Scott Webb
|
0-0: Ball 1-0: Ground out 2-3 (Groundball, 15S, EV 61.9 MPH)
|
|
Batting: LHB Pavla Markianov
|
0-0: Ball 1-0: Ball 2-0: Ball 3-0: Base on Balls
|
|
Batting: RHB Alex Rosaly
|
0-0: Called Strike 0-1: Ball 1-1: Swinging Strike 1-2: Fly out, F8 (Line Drive, 8RS, EV 88.1 MPH)
|
|
Batting: RHB Fernando Sosa
|
0-0: Ball Pavla Markianov steals 2nd base (no throw) 1-0: Foul Ball, location: 2F 1-1: Ball 2-1: Ball 3-1: Foul Ball, location: 2F 3-2: Strikes out looking
|
| Bottom of the 4th over - 0 runs, 0 hits, 0 errors, 1 left on base; Joplin 1 - Portland 0 |
| TOP OF THE 5TH |
|
Joplin Blasters batting - Pitching for Portland Angels : LHP Troy Trombino
|
|
Batting: LHB Josh Lane
|
0-0: Called Strike 0-1: Foul Ball, location: 2F 0-2: Ball 1-2: Ball 2-2: Strikes out swinging
|
|
Batting: RHB Esteban Acuna
|
0-0: Called Strike 0-1: Ball 1-1: Ball 2-1: Swinging Strike 2-2: Ball 3-2: Strikes out swinging
|
|
Batting: LHB Willie Marquez
|
0-0: Called Strike 0-1: Fly out, F7 (Flyball, 78M, EV 93.8 MPH)
|
| Top of the 5th over - 0 runs, 0 hits, 0 errors, 0 left on base; Joplin 1 - Portland 0 |
| BOTTOM OF THE 5TH |
|
Portland Angels batting - Pitching for Joplin Blasters : LHP Ben Mills
|
|
Batting: LHB Doug Nebel
|
0-0: Foul Ball, location: 2F 0-1: Called Strike 0-2: Strikes out looking
|
|
Batting: RHB Mario Martinez
|
0-0: Called Strike 0-1: Ball 1-1: Swinging Strike 1-2: Strikes out swinging
|
|
Batting: LHB David Coatney
|
0-0: Ball 1-0: Foul Ball, location: 2F 1-1: Foul Ball, location: 2F 1-2: Foul Ball, location: 2F 1-2: Ball 2-2: Foul Ball, location: 2F 2-2: SINGLE (Flyball, 5D, EV 85.6 MPH)
|
|
Batting: RHB Jose Garduno
|
0-0: Called Strike 0-1: Foul Ball, location: 2F 0-2: Ball 1-2: Ball 2-2: Ball 3-2: Foul Ball, location: 2F 3-2: Strikes out looking
|
| Bottom of the 5th over - 0 runs, 1 hit, 0 errors, 1 left on base; Joplin 1 - Portland 0 |
| TOP OF THE 6TH |
|
Joplin Blasters batting - Pitching for Portland Angels : LHP Troy Trombino
|
|
Batting: RHB Bobby Leon
|
0-0: Ground out 5-3 (Groundball, 56S, EV 79.4 MPH)
|
|
Batting: RHB Bill Cranton
|
0-0: Ball 1-0: Swinging Strike 1-1: Fly out, F6 (Flyball, 56D, EV 87.5 MPH)
|
|
Batting: RHB Colin Padgett
|
0-0: Called Strike 0-1: Called Strike 0-2: Strikes out swinging
|
| Top of the 6th over - 0 runs, 0 hits, 0 errors, 0 left on base; Joplin 1 - Portland 0 |
| BOTTOM OF THE 6TH |
|
Portland Angels batting - Pitching for Joplin Blasters : LHP Ben Mills
|
|
Batting: RHB Steve Neely
|
0-0: Fly out, F9 (Line Drive, 89M, EV 96.9 MPH)
|
|
Batting: RHB Scott Webb
|
0-0: Ball 1-0: Ground out 4-3 (Groundball, 4, EV 98.1 MPH)
|
|
Batting: LHB Pavla Markianov
|
0-0: Ground out 4-3 (Groundball, 4, EV 103.1 MPH)
|
| Bottom of the 6th over - 0 runs, 0 hits, 0 errors, 0 left on base; Joplin 1 - Portland 0 |
| TOP OF THE 7TH |
|
Joplin Blasters batting - Pitching for Portland Angels : LHP Troy Trombino
|
|
Batting: RHB Chris Stec
|
0-0: Foul Ball, location: 2F 0-1: Ball 1-1: Ground out 6-3 (Groundball, 6D, EV 104.4 MPH)
|
|
Batting: SHB Gary Woodroffe
|
0-0: Called Strike 0-1: Ball 1-1: Foul Ball, location: 2F 1-2: Strikes out swinging
|
|
Batting: RHB Dermott Ayliffe
|
0-0: Fly out, F6 (Popup, 15, EV 77.5 MPH)
|
| Top of the 7th over - 0 runs, 0 hits, 0 errors, 0 left on base; Joplin 1 - Portland 0 |
| BOTTOM OF THE 7TH |
|
Portland Angels batting - Pitching for Joplin Blasters : LHP Ben Mills
|
|
Batting: RHB Alex Rosaly
|
0-0: Called Strike 0-1: Ball 1-1: Ball 2-1: Called Strike 2-2: Fly out, F9 (Flyball, 9, EV 81.2 MPH)
|
|
Batting: RHB Fernando Sosa
|
0-0: Called Strike 0-1: Ball 1-1: Ball 2-1: Ground out 4-3 (Groundball, 4, EV 81.9 MPH)
|
|
Pinch Hitting: RHB Jesse Sargent
|
0-0: Ball 1-0: Fly out, F9 (Flyball, 89M, EV 93.1 MPH)
|
| Bottom of the 7th over - 0 runs, 0 hits, 0 errors, 0 left on base; Joplin 1 - Portland 0 |
| TOP OF THE 8TH |
|
Joplin Blasters batting - Pitching for Portland Angels : LHP Troy Trombino
|
|
Now in RF: Miguel Hernandez
|
|
|
Pinch Hitting: RHB Dustin Peterson
|
0-0: Fly out, F8 (Flyball, 8RS, EV 98.1 MPH)
|
|
Batting: RHB Esteban Acuna
|
0-0: Fly out, F7 (Flyball, 7LMF, EV 82.5 MPH)
|
|
Batting: RHB Cody Marshall
|
0-0: SINGLE (Flyball, 3D, EV 84.4 MPH)
|
|
Batting: RHB Bobby Leon
|
0-0: Fielders Choice at 2nd, 6-4 (Groundball, 6, EV 83.8 MPH)
|
| Top of the 8th over - 0 runs, 1 hit, 0 errors, 1 left on base; Joplin 1 - Portland 0 |
| BOTTOM OF THE 8TH |
|
Portland Angels batting - Pitching for Joplin Blasters : LHP Ben Mills
|
|
Now in RF: Nate Brewer
|
|
|
Pinch Hitting: RHB Shawn Jansen
|
0-0: Ball 1-0: Foul Ball, location: 2F 1-1: Called Strike 1-2: Foul Ball, location: 2F 1-2: Ball 2-2: Foul Ball, location: 2F 2-2: Foul Ball, location: 2F 2-2: Foul Ball, location: 2F 2-2: Ball 3-2: SINGLE (Groundball, 6MD, EV 104.4 MPH)
|
|
Batting: LHB David Coatney
|
0-0: Sac Bunt to 2R - play at first, batter OUT! 2-3 Shawn Jansen to second
|
|
Batting: RHB Jose Garduno
|
0-0: Called Strike 0-1: Swinging Strike 0-2: Ball 1-2: Strikes out swinging
|
|
Pinch Hitting: SHB Cesar Carrasquillo
|
0-0: Foul Ball, location: 2F 0-1: Foul Ball, location: 2F 0-2: Ball 1-2: Strikes out swinging
|
| Bottom of the 8th over - 0 runs, 1 hit, 0 errors, 1 left on base; Joplin 1 - Portland 0 |
| TOP OF THE 9TH |
|
Joplin Blasters batting - Pitching for Portland Angels : LHP Troy Trombino
|
|
Now at 3B: Shawn Jansen
|
|
|
Now in LF: Dan Contreras
|
|
|
Now in CF: Miguel Hernandez
|
|
|
Now in RF: David Coatney
|
|
|
Batting: RHB Bill Cranton
|
0-0: Foul Ball, location: 2F 0-1: Ball 1-1: Foul Ball, location: 2F 1-2: Foul Ball, location: 2F 1-2: SOLO HOME RUN (Flyball, 78XD, EV 93.1 MPH), Distance : 371 ft
|
|
Batting: RHB Colin Padgett
|
0-0: Called Strike 0-1: SOLO HOME RUN (Flyball, 7D, EV 94.4 MPH), Distance : 345 ft
|
|
Batting: RHB Chris Stec
|
0-0: Ball 1-0: Foul Ball, location: 2F 1-1: Fly out, F7 (Flyball, 7D, EV 96.9 MPH)
|
|
Batting: SHB Gary Woodroffe
|
0-0: Called Strike 0-1: Ball 1-1: Swinging Strike 1-2: SINGLE (Line Drive, 89S, EV 113.1 MPH)
|
|
Batting: RHB Dermott Ayliffe
|
0-0: SINGLE (Line Drive, 78S, EV 106.9 MPH) Gary Woodroffe to second
|
|
Batting: RHB Nate Brewer
|
0-0: Swinging Strike 0-1: Ball 1-1: Ball 2-1: Foul Ball, location: 2F 2-2: Strikes out swinging
|
|
Batting: RHB Esteban Acuna
|
0-0: Swinging Strike 0-1: Ball 1-1: Foul Ball, location: 2F 1-2: Ball 2-2: Foul Ball, location: 2F 2-2: SINGLE (Groundball, 34D, EV 108.1 MPH) Gary Woodroffe to third Dermott Ayliffe to second Runner from 3rd tries for Home, SAFE, throw by RF to home
|
|
Batting: RHB Cody Marshall
|
0-0: Foul Ball, location: 2F 0-1: Called Strike 0-2: Ball 1-2: Ball 2-2: Ground out 1-3 (Groundball, 13S, EV 71.9 MPH)
|
| Top of the 9th over - 3 runs, 5 hits, 0 errors, 2 left on base; Joplin 4 - Portland 0 |
| BOTTOM OF THE 9TH |
|
Portland Angels batting - Pitching for Joplin Blasters : LHP Ben Mills
|
|
Batting: RHB Scott Webb
|
0-0: Ball 1-0: Called Strike 1-1: Swinging Strike 1-2: Foul Ball, location: 2F 1-2: SINGLE (Groundball, 56S, EV 76.2 MPH) (infield hit)
|
|
Pitching: RHP Chris McCade
|
|
|
Batting: LHB Pavla Markianov
|
0-0: Called Strike 0-1: Called Strike 0-2: Ball 1-2: Ball 2-2: Foul Ball, location: 2F 2-2: SINGLE (Groundball, 34D, EV 100.6 MPH) Scott Webb to second
|
|
Batting: RHB Alex Rosaly
|
0-0: Ball 1-0: Ball 2-0: Called Strike 2-1: Fly out, F8 (Flyball, 8LXD, EV 105.6 MPH) Runner from 2nd tags up, SAFE at 3rd, no throw by CF
|
|
Pinch Hitting: LHB Jon Rahn
|
0-0: Ball 1-0: Called Strike 1-1: Foul Ball, location: 2F 1-2: Strikes out swinging
|
|
Pinch Hitting: LHB Kevin Feldman
|
0-0: Ball 1-0: Foul Ball, location: 2F 1-1: Ball 2-1: Fly out, F5 (Popup, 25F, EV 90.0 MPH)
|
| Bottom of the 9th over - 0 runs, 2 hits, 0 errors, 2 left on base; Joplin 4 - Portland 0 |
|